 Dungeon Crawl Stone Soup version 0.24-a0-235-g3f03afcf10 (webtiles) character file.

Game seed: 1939287632282379792

3816 CedricTheThird the Chopper (level 9, -2/70 HPs)
             Began as a Demonspawn Fighter on Apr 8, 2019.
             Was a Believer of Uskayaw.
             Slain by an orc warrior
             ... wielding a +0 war axe
              (4 damage)
             ... in a bailey.
             The game lasted 00:23:26 (5411 turns).

CedricTheThird the Chopper (Demonspawn Fighter)     Turns: 5411, Time: 00:23:26

Health: -2/70      AC: 19    Str: 26    XL:     9   Next: 97%
Magic:  0/13       EV:  8    Int:  9    God:    Uskayaw [**....]
Gold:   363        SH: 11    Dex: 12    Spells: 8/8 levels left

rFire    . . .     SeeInvis .   a - +0 war axe
rCold    . . .     Gourm    .   c - +0 shield
rNeg     + . .     Faith    .   h - +0 plate armour
rPois    .         Spirit   +   q - +1 helmet
rElec    +         Reflect  .   b - scarf {repulsion}
rCorr    .         Harm     .   (no gloves)
MR       +....                  m - +0 pair of boots
Stlth    ..........             g - amulet of magic regeneration
HPRegen  0.21/turn              l - ring of positive energy
MPRegen  0.38/turn              (no ring)

@: mighty, marked, very slightly contaminated, studying Dodging, invisible,
repel missiles
A: fangs 1, hooves 2, thin metallic scales 2, magic resistance 1, electricity
resistance, magic shield, rot immunity, subdued magic 1
a: Stomp, Line Pass, Renounce Religion


You were in a bailey.
You worshipped Uskayaw.
Uskayaw was noncommittal.
You were not hungry.

You visited 2 branches of the dungeon, and saw 10 of its levels.
You also visited: Bailey.

You collected 363 gold pieces.

Inventory:

Hand Weapons
 a - a +0 war axe (weapon)
Missiles
 n - a throwing net (quivered)
Armour
 b - a scarf of repulsion (worn)
 c - a +0 shield (worn)
 h - a +0 plate armour (worn)
 m - a +0 pair of boots (worn)
 q - a +1 helmet (worn)
Jewellery
 g - an amulet of magic regeneration (around neck)
 l - a ring of positive energy (left hand)
 t - the ring "Bices" {rElec rF+ MR- Str+3}
   (You found it on level 7 of the Dungeon)

   [ring of protection from fire]

   It affects your strength (+3).
   It protects you from fire.
   It insulates you from electricity.
   It affects your resistance to hostile enchantments.
Wands
 k - a wand of acid (9)
 u - a wand of scattershot (4)
Scrolls
 j - 5 scrolls of identify
 o - a scroll of magic mapping
 w - a scroll of remove curse
 y - a scroll of immolation
 z - a scroll of amnesia
Potions
 v - a potion of magic
 x - a potion of brilliance
Books
 i - a manual of Dodging
Comestibles
 f - 10 rations


   Skills:
 + Level 6.3 Fighting
 * Level 7.4 Axes
 + Level 5.6 Armour
 + Level 6.7 Dodging
 + Level 5.7 Shields
 + Level 5.8 Invocations


You had 8 spell levels left.
You didn't know any spells.
Your spell library was empty.

Dungeon Overview and Level Annotations

Branches:
Dungeon (10/15)            Temple (1/1) D:4
   Lair: D:8-11         Orc: D:9-12

Altars:
Ashenzari
Cheibriados
Dithmenos
Elyvilon
Fedhas
Gozag
Hepliaklqana
Kikubaaqudgha
Makhleb
Nemelex Xobeh
Okawaru
Qazlal
Ru
Sif Muna
Trog
Uskayaw
Vehumet
Wu Jian
Xom
Yredelemnul
Zin
The Shining One

Shops:
D:5 }   D:7 !

Annotations:
D:9 1 runed translucent door, Redear's ghost, journeyman OpFi


Innate Abilities, Weirdness & Mutations

You have hoof-like feet.
You are mostly covered in thin metallic scales. (AC +3)
When hurt, damage is shared between your health and your magic reserves.
You are immune to rotting.
You have very sharp teeth.
You are resistant to hostile enchantments. (MR+)
You are resistant to electric shocks. (rElec)
Your spells are a little easier to cast, but a little less powerful.


Message History

The kobold throws a tomahawk of returning.
The tomahawk of returning hits the gnoll.
The weapon returns to the kobold!
You can now pass through a line of other dancers.
Okay, then.
The orc warrior pulls the alarm!
The alarm trap emits a blaring wail!
The mark upon you grows brighter.
As you read the scroll of fog, it crumbles to dust.
The scroll dissolves into smoke.
The orc warrior no longer looks unusually strong.
The orc knight roars a battlecry!
The orc warrior goes into a battle-frenzy!
The orc warrior barely misses you.
You strike the helpless orc knight from behind!
You slice the orc knight!!
You kill the orc knight!
You slash the orc warrior!
The orc warrior hits you with a +0 war axe.
You die...

K≈.≈K
##≈o≈##
K≈.≈K
#≈g≈##
≈.≈K
##§##
##§oo##
#8g§o8#
##§§@##
##8##
###


You could see 2 orc warriors, a gnoll and an orc.

Vanquished Creatures
  A two-headed ogre (D:5)
  Pikel (D:5)
  An orc knight (Bailey)
  A wraith (D:5)
  A human (D:9)
  Menkaure (D:6)
  An orc warrior (D:6)
  2 ice beasts
  2 ogres
  2 sky beasts (D:5)
  A centaur (D:6)
  2 bullfrogs
  2 scorpions
  4 wights (D:9)
  A howler monkey (D:6)
  A bullfrog zombie (D:7)
  3 crimson imps
  3 orc priests (D:6)
  3 jellies
  2 hounds
  Crazy Yiuf (D:3)
  2 orc wizards
  A centaur skeleton (D:7)
  Ijyb (D:3)
  3 iguanas
  2 worker ants
  A hound zombie (D:6)
  A howler monkey skeleton (D:6)
  7 adders
  3 shadow imps
  2 worms (D:3)
  4 dart slugs (D:1)
  4 leopard geckos
  14 orcs
  8 bats
  2 giant cockroaches
  5 goblins
  8 hobgoblins
  7 jackals
  5 quokkas
  2 ball pythons
  6 frilled lizards
  A jackal skeleton (D:4)
  A jackal zombie (D:5)
  3 kobolds
  A quokka skeleton (D:5)
  8 rats
  3 fungi (D:3)
141 creatures vanquished.

Vanquished Creatures (others)
  A goblin (Bailey)
1 creature vanquished.

Grand Total: 142 creatures vanquished

Notes
Turn   | Place    | Note
-------+----------+-------------------------------------------
     0 | D:1      | CedricTheThird the Demonspawn Fighter began the quest for
                  | the Orb.
     0 | D:1      | Reached XP level 1. HP: 18/18 MP: 1/1
   111 | D:1      | Reached skill level 2 in Axes
   113 | D:1      | Gained mutation: You are immune to rotting. [demonic
                  | ancestry]
   113 | D:1      | Reached XP level 2. HP: 16/24 MP: 2/2
   694 | D:1      | Gained mutation: You have large cloven feet. [demonic
                  | ancestry]
   694 | D:1      | Reached XP level 3. HP: 29/29 MP: 3/3
  1330 | D:3      | Noticed Ijyb
  1349 | D:3      | Killed Ijyb
  1349 | D:3      | Reached skill level 1 in Dodging
  1402 | D:3      | Reached XP level 4. HP: 35/35 MP: 4/4
  1800 | D:3      | Found a runed translucent door.
  1801 | D:3      | Noticed Crazy Yiuf
  1812 | D:3      | Gained mutation: Your system is resistant to poisons.
                  | (rPois) [potion of mutation]
  1812 | D:3      | Gained mutation: You have very sharp teeth. [potion of
                  | mutation]
  1812 | D:3      | HP: 1/35 [poisoned by Crazy Yiuf]
  1822 | D:3      | Killed Crazy Yiuf
  1822 | D:3      | Reached skill level 3 in Axes
  1895 | D:4      | Noticed an ogre
  2097 | D:3      | Lost mutation: Your system is resistant to poisons. (rPois)
                  | [potion of mutation]
  2097 | D:3      | Gained mutation: Your spells are a little easier to cast,
                  | but a little less powerful. [potion of mutation]
  2097 | D:3      | Gained mutation: You possess an exceptional clarity of
                  | mind. [potion of mutation]
  2097 | D:3      | Gained mutation: Your magical capacity is low. (-10% MP)
                  | [potion of mutation]
  2097 | D:3      | Gained mutation: You are resistant to electric shocks.
                  | (rElec) [potion of mutation]
  2147 | D:4      | Killed an ogre
  2147 | D:4      | Gained mutation: When hurt, damage is shared between your
                  | health and your magic reserves. [demonic ancestry]
  2147 | D:4      | Reached XP level 5. HP: 21/42 MP: 1/4
  2294 | D:4      | Lost mutation: Your magical capacity is low. (-10% MP)
                  | [potion of mutation]
  2294 | D:4      | Lost mutation: You possess an exceptional clarity of mind.
                  | [potion of mutation]
  2294 | D:4      | Gained mutation: You are resistant to hostile enchantments.
                  | (MR+) [potion of mutation]
  2294 | D:4      | Gained mutation: You have hoof-like feet. [potion of
                  | mutation]
  2381 | D:4      | Found a glowing golden altar of the Shining One.
  2502 | D:4      | Gained mutation: You are partially covered in thin metallic
                  | scales. (AC +2) [demonic ancestry]
  2502 | D:4      | Reached XP level 6. HP: 48/48 MP: 6/6
  2504 | D:4      | Found a staircase to the Ecumenical Temple.
  2509 | Temple   | Entered the Ecumenical Temple
  2571 | Temple   | Became a worshipper of Uskayaw the Reveler
  3016 | D:5      | Entered Level 5 of the Dungeon
  3017 | D:5      | Reached * piety under Uskayaw
  3019 | D:5      | Reached ** piety under Uskayaw
  3022 | D:5      | Noticed an ice beast
  3022 | D:5      | Noticed a sky beast
  3033 | D:5      | Reached *** piety under Uskayaw
  3042 | D:5      | Killed an ice beast
  3042 | D:5      | Reached **** piety under Uskayaw
  3045 | D:5      | Killed a sky beast
  3045 | D:5      | Reached skill level 4 in Axes
  3050 | D:5      | Reached ***** piety under Uskayaw
  3067 | D:5      | Reached XP level 7. HP: 33/54 MP: 7/7
  3174 | D:5      | Noticed a two-headed ogre
  3181 | D:5      | Killed a two-headed ogre
  3181 | D:5      | Reached skill level 5 in Axes
  3181 | D:5      | Mutation became permanent: You have large cloven feet.
                  | [demonic ancestry]
  3181 | D:5      | Gained mutation: You have hoof-like feet. [demonic
                  | ancestry]
  3181 | D:5      | Reached XP level 8. HP: 45/61 MP: 5/9
  3201 | D:5      | Found Ytomomua's Gadget Boutique.
  3399 | D:5      | Reached skill level 5 in Fighting
  3540 | D:5      | Noticed Pikel
  3558 | D:5      | Killed Pikel
  3558 | D:5      | Reached skill level 6 in Axes
  3558 | D:5      | Reached skill level 5 in Dodging
  3734 | D:6      | Noticed Menkaure
  3740 | D:6      | Killed Menkaure
  3740 | D:6      | Reached skill level 5 in Armour
  3740 | D:6      | Gained mutation: You are mostly covered in thin metallic
                  | scales. (AC +3) [demonic ancestry]
  3740 | D:6      | Reached XP level 9. HP: 44/68 MP: 7/12
  3744 | D:6      | Reached skill level 5 in Shields
  4242 | D:6      | Found a bloodstained altar of Trog.
  4662 | D:7      | Reached skill level 5 in Invocations
  4674 | D:7      | Got a fine jade ring
  4793 | D:7      | Found Fyrid's Distillery.
  4793 | D:7      | You fall through a shaft for 3 floors!
  4793 | D:10     | Entered Level 10 of the Dungeon
  4903 | D:9      | Found a runed translucent door.
  4903 | D:9      | Noticed Redear's ghost (journeyman OpFi)
  4936 | D:9      | Identified the ring "Bices" {rElec rF+ MR- Str+3} (You
                  | found it on level 7 of the Dungeon)
  4991 | D:9      | Reached skill level 7 in Axes
  5214 | D:9      | Found a flagged portal.
  5223 | Bailey   | Entered a bailey
  5390 | Bailey   | Noticed an orc knight
  5408 | Bailey   | HP: 1/69 [orc warrior/+0 hand axe (16)]
  5411 | Bailey   | Killed an orc knight
  5411 | Bailey   | Slain by an orc warrior

Levels and vault maps discovered:
D:1:      minmay_arrival_stone_box, layout_loops_ring, minmay_misc_feat_pillars
D:2:      layout_loops_ring, first_ration, palyth_stone_intersect
D:3:      layout_rooms, uniq_crazy_yiuf_cottage, uniq_ijyb
D:4:      layout_rooms, marbit_many_paths, minmay_temple_entry_nine_rooms,
          minmay_crystal_room, minmay_manual_monstrance
D:5:      layout_basic, serial_shops, nicolae_shop_statue_plus, uniq_pikel
D:6:      layout_loops_cross, trog_three_pillars_becter, uniq_menkaure
D:7:      layout_cave_pods, serial_shops, shop, minmay_checkerbox
D:9:      hangedman_cross_stitches, layout_small_grid, enter_bailey_3,
          gammafunk_ghost_grave, grunt_pizzeria
D:10:     layout_basic, erik_lair_orcish_takeover, uniq_harold
Temple:   compressed_dpeg_triangle_lava_temple
Bailey:   bailey_axe_1, bailey

Skill      XL: |  1  2  3  4  5  6  7  8  9 |
---------------+----------------------------+-----
Axes           | 2 3 4 5 6 7 |  7.4
Armour         | 3 4 5 |  5.6
Dodging        | 1 2 3 4 5 6 |  6.7
Shields        | 3 4 5 |  5.7
Fighting       | 4 5 6 |  6.3
Invocations    | 2 4 5 |  5.8

Action                   |  1- 3 |  4- 6 |  7- 9 || total
-------------------------+-------+-------+-------++-------
Melee: War axe           |   111 |   148 |   304 ||   563
       Kick              |    12 |    38 |    46 ||    96
       Bite              |       |     7 |    32 ||    39
Invok: Stomp             |       |       |     1 ||     1
Evoke: Wand              |       |     1 |       ||     1
  Use: Scroll            |       |    10 |     6 ||    16
       Potion            |       |     8 |     5 ||    13
 Stab: Invisible         |       |     1 |     3 ||     4
       Paralysed         |       |     1 |    14 ||    15
  Eat: Chunk             |     1 |     2 |     9 ||    12
       Ration            |       |     1 |     1 ||     2
Armor: Plate armour      |    80 |   107 |   178 ||   365
       Scale mail        |     3 |       |       ||     3
Dodge: Dodged            |     9 |    22 |    73 ||   104
       Deflected         |     1 |       |     1 ||     2
Block: Shield            |    64 |    84 |   161 ||   309

Table legend:
 A = Non-vault XP
 B = Vault XP
 C = Vault XP percentage of total XP
 D = Non-vault monster count
 E = Vault monster count
 F = Vault count percentage of total count
                 A         B        C        D         E       F
            +---------+---------+-------+---------+---------+-------
      Total |    3543 |    1909 |  35.0 |     121 |      17 |  12.3
            +---------+---------+-------+---------+---------+-------
        D:1 |      41 |       0 |   0.0 |      20 |       0 |   0.0
        D:2 |      16 |       0 |   0.0 |      10 |       0 |   0.0
        D:3 |      30 |      80 |  72.7 |      15 |       3 |  16.7
        D:4 |      89 |     128 |  59.0 |      14 |       3 |  17.6
        D:5 |    1705 |     651 |  27.6 |      22 |       1 |   4.3
        D:6 |     945 |     227 |  19.4 |      28 |       2 |   6.7
        D:7 |     135 |      90 |  40.0 |       2 |       3 |  60.0
        D:9 |     504 |     198 |  28.2 |       8 |       4 |  33.3
       D:10 |      78 |       0 |   0.0 |       2 |       0 |   0.0
     Bailey |       0 |     535 | 100.0 |       0 |       1 | 100.0
            +---------+---------+-------+---------+---------+-------
